 Dungeon Sprint DCSS version 0.20.1-1-g8b1a95d (webtiles) character file.

57140 groucho the Impregnable (level 15, -10/116 HPs)
             Began as a Halfling Fighter on Nov 4, 2017.
             Was a High Priest of Qazlal.
             Killed from afar by an orb of fire (38 damage)
             ... with a bolt of fire
             ... in the Dungeon (Sprint V: "Ziggurat Sprint").
             The game lasted 00:14:28 (2267 turns).

groucho the Impregnable (Halfling Fighter)          Turns: 2267, Time: 00:14:29

Health: -10/116    AC: 48    Str: 25    XL:     15   Next: 24%
Magic:  6/29       EV:  5    Int:  6    God:    Qazlal [*****.]
Gold:   0          SH: 44    Dex: 23    Spells: 14/14 levels left

rFire    + . .     SeeInvis +   T - +2 fustibalus (freeze)
rCold    . . .     Gourm    .   b - +18 shield of the Gong {rElec rN+ MR+ EV-5}
rNeg     + . .     Faith    .   a - +15 Maxwell's patent armour {-Cast -Tele rElec MR+ rCorr}
rPois    +         Spirit   .   A - +0 helmet {SInv}
rElec    +         Reflect  .   Q - +2 cloak {rPois}
rCorr    +         Harm     .   V - +3 pair of gauntlets of War {Slay+5}
MR       +++..     NoTele   +   W - +1 pair of boots {run} Stlth ..........NoCast +
                                (no amulet)
Regen    0.3/turn               H - +6 ring of strength
MPRegen  0.3/turn               D - +6 ring of dexterity

@: protected from fire, hasted, studying 2 skills, repel missiles, very quick
A: mutation resistance 1, weak 1, MP-powered wands
a: Upheaval, Elemental Force, Disaster Area, Renounce Religion


You were in the Dungeon.
You worshipped Qazlal.
Qazlal was extremely pleased with you.
You were not hungry.

You visited 1 branch

Inventory:

Hand Weapons
 c - the +8 lance "Wyrmbane" {slay drac, rPois rF+ rC+ AC+3}
   (You found it in the Dungeon)

   It affects your AC (+3).
   It protects you from fire.
   It protects you from cold.
   It protects you from poison.
 l - the +6 shillelagh "Devastator" {shatter}
   (You found it in the Dungeon)
 m - a +5 fustibalus of flaming
 T - a +2 fustibalus of freezing (weapon)
Missiles
 n - 953 sling bullets (quivered)
Armour
 a - the +15 Maxwell's patent armour (worn) {-Cast -Tele rElec MR+ rCorr}
   (You found it in the Dungeon)

   It insulates you from electricity.
   It affects your resistance to hostile enchantments.
   It prevents spellcasting.
   It prevents most forms of teleportation.
   It protects you from acid and corrosion.
 b - the +18 shield of the Gong (worn) {rElec rN+ MR+ EV-5}
   (You found it in the Dungeon)

   It affects your evasion (-5).
   It insulates you from electricity.
   It protects you from negative energy.
   It affects your resistance to hostile enchantments.
 o - +5 gold dragon scales
 A - a +0 helmet of see invisible (worn)
 P - the +2 cloak of Negligence {MR- MP+9 Dex+2}
   (You found it in the Dungeon)

   It affects your dexterity (+2).
   It affects your resistance to hostile enchantments.
   It affects your magic capacity (+9).
 Q - a +2 cloak of poison resistance (worn)
 V - the +3 pair of gauntlets of War (worn) {Slay+5}
   (You found it in the Dungeon)

   It affects your accuracy and damage with ranged weapons and melee attacks
   (+5).
 W - a +1 pair of boots of running (worn)
Jewellery
 D - a +6 ring of dexterity (right hand)
 E - a +6 ring of dexterity
 F - the ring of Haiholom {rN+ Stlth+}
   (You found it in the Dungeon)

   [ring of stealth]

   It protects you from negative energy.
   It makes you more stealthy.
 G - a +6 ring of intelligence
 H - a +6 ring of strength (left hand)
 I - a +6 ring of strength
 N - an uncursed amulet of faith
 R - an uncursed ring of resist corrosion
 S - an uncursed ring of flight
 U - the amulet "Weocust" {+Rage +Fly rC++ MR+++ Int-5}
   (You found it in the Dungeon)

   [amulet of rage]

   It affects your intelligence (-5).
   It greatly protects you from cold.
   It affects your resistance to hostile enchantments.
   It lets you fly.
   It lets you go berserk.
 X - an uncursed ring of protection from fire
 Y - a cursed +5 ring of evasion
Wands
 J - a wand of disintegration (7/24)
 K - a wand of iceblast (5/15)
 L - a wand of lightning (5/15)
 M - a wand of acid (5/15)
Scrolls
 k - 4 scrolls of blinking
 u - 4 scrolls of amnesia
 v - 3 scrolls of recharging
 w - 7 scrolls of fog
 x - a scroll of holy word
 y - 5 scrolls of identify
 z - 5 scrolls of remove curse
Potions
 d - 8 potions of might
 e - 10 potions of curing
 g - 6 potions of heal wounds
 h - 13 potions of haste
 i - 6 potions of magic
 j - 3 potions of berserk rage
 p - 2 potions of brilliance
 q - 2 potions of invisibility
 r - 4 potions of resistance
 s - a potion of experience
 t - 5 potions of agility
Books
 O - a manual of Polearms
 Z - a manual of Maces & Flails
Comestibles
 f - 5 bread rations
 B - 42 fruits
 C - 3 meat rations


   Skills:
 + Level 15.4 Fighting
 - Level 1.7 Maces & Flails
 - Level 16.8 Slings
 + Level 21.2 Armour
 + Level 21.2 Shields
 + Level 20.9 Invocations


You had 14 spell levels left.
You didn't know any spells.

Dungeon Overview and Level Annotations

Branches:
Dungeon (1/1)

Altars:
Ashenzari
Cheibriados
Dithmenos
Elyvilon
Fedhas
Gozag
Hepliaklqana
Kikubaaqudgha
Makhleb
Nemelex Xobeh
Okawaru
Qazlal
Ru
Sif Muna
Trog
Uskayaw
Vehumet
Xom
Yredelemnul
Zin
The Shining One
Beogh
Jiyva
Lugonu


Innate Abilities, Weirdness & Mutations

You are small and have problems with some larger weapons.
You are somewhat resistant to further mutation.
You are weak. (Str -2)
You expend magic power (3 MP) to strengthen your wands.


Message History

You feel yourself speed up. You block the fire giant's attack.
BOUMMMMG!
The orb of fire is engulfed in freezing vapours.
The orb of fire glows yellow.
The bolt of fire is repelled.
The fire giant casts a spell at you.
The fireball explodes!
The fireball engulfs you! You resist.
The orb of fire glows deep purple.
The fireball explodes!
The fireball engulfs you! You resist.
* * * LOW HITPOINT WARNING * * *
The orb of fire is engulfed in freezing vapours.
The fire giant gestures at you while chanting.
The bolt of fire hits the orb of fire.
The orb of fire completely resists.
You hear a sizzling sound!
Unknown command.
You feel much better.
The orb of fire glows deep purple.
The bolt of fire hits you! You resist.
You feel more protected from fire.
You die...

≈≈.≈.(≈.≈.≈...(▓...
▓....(.(.)...(..▓..▓
▓.......)....(..▓.▓▓
▓..≈.≈...).≈..≈≈▓..▓
▓.......≈...≈. ▓...
▓.. ▓≈.(....▓ ▓...
▓..▓▓▓(.§(†▓▓ .▓▓▓▓
▓..§▓..§....▓...▓...
▓.§@.§*.C.......▓.:)
▓.....§.§......≈▓..)
▓▓▓▓▓▓▓▓▓▓▓▓▓▓▓▓▓...
▓... ▓... ▓... ▓...
▓..▓ ▓.▓▓


You could see an orb of fire and a fire giant.

Vanquished Creatures
  A lich (D)
  3 fire giants (D)
  5 balrugs (D)
  3 ghouls (D)
  A reaper (D)
  A vampire knight (D)
  2 blizzard demons (D)
  8 fire dragons (D)
  Erolcha (D)
  An ice dragon (D)
  A dancing weapon (D)
  7 hell hogs (D)
  5 vampire magi (D)
  2 hell knights (D)
  A deep elf knight (D)
  6 soul eaters (D)
  3 skeletal warriors (D)
  An unseen horror (shapeshifter) (D)
  A flayed ghost (D)
  4 necromancers (D)
  4 deep elf magi (D)
  4 ugly things (D)
  A spiny frog (D)
  3 tormentors (D)
  4 efreet (D)
  2 freezing wraiths (D)
  An ice devil (D)
  2 hippogriffs (D)
  2 flying skulls (D)
  A hippogriff (shapeshifter) (D)
  3 shadows (D)
  Sigmund (D)
  A water elemental (D)
  2 vampires (D)
  A spriggan (D)
  Eustachio (D)
  A fire elemental (D)
  2 yaks (D)
  A wyvern (D)
  2 wraiths (D)
  A hog (shapeshifter) (D)
  2 neqoxecs (D)
  Edmund (D)
  7 hell hounds (D)
  Duvessa (D)
  4 water moccasins (D)
  A porcupine (D)
  2 phantoms (D)
  5 black bears (D)
  An ice beast (D)
  6 necrophages (D)
  5 wolves (D)
  A crocodile (D)
  Blork the orc (D)
  3 scorpions (D)
  7 wights (D)
  A crimson imp (D)
  A quasit (D)
  Crazy Yiuf (D)
  2 orc priests (D)
  Jessica (D)
  3 white imps (D)
  2 ufetubi (D)
  A spectral adder (D)
  5 adder skeletons (D)
  10 adder zombies (D)
  2 orcs (D)
  4 spectral bats (D)
  6 bat skeletons (D)
  5 bat zombies (D)
  3 ball python skeletons (D)
  2 ball python zombies (D)
  2 giant cockroach zombies (D)
  A jackal skeleton (D)
  2 leopard gecko zombies (D)
  2 quokka skeletons (D)
  3 quokka zombies (D)
  2 spectral giant cockroaches (D)
  6 fire vortices (D)
211 creatures vanquished.

Vanquished Creatures (others)
  the Royal Jelly (D)
  4 acid blobs (D)
  Kirke (D)
  13 azure jellies (D)
  A fire giant (D)
  Snorg (D)
  8 death oozes (D)
  Harold (D)
  Erica (D)
  Maurice (D)
  Psyche (D)
  Grinder (D)
  Dowan (D)
35 creatures vanquished.

Grand Total: 246 creatures vanquished

Notes
Turn   | Place    | Note
-------+----------+-------------------------------------------
     0 | D        | groucho the Halfling Fighter began the quest for the Orb.
     0 | D        | Reached XP level 1. HP: 15/15 MP: 1/1
     7 | D        | Killed Maurice
    13 | D        | Found a blossoming altar of Fedhas.
    13 | D        | Killed Kirke
    14 | D        | Found a transporter.
    14 | D        | Found a viscous altar of Jiyva.
    14 | D        | Found an ancient bone altar of Kikubaaqudgha.
    14 | D        | Found a hazy altar of Hepliaklqana.
    14 | D        | Found a corrupted altar of Lugonu.
    14 | D        | Found an opulent altar of Gozag.
    14 | D        | Found a burning altar of Makhleb.
    20 | D        | Found an iron altar of Okawaru.
    20 | D        | Found a sparkling altar of Nemelex Xobeh.
    20 | D        | Found a stormy altar of Qazlal.
    20 | D        | Found a sacrificial altar of Ru.
    20 | D        | Found a deep blue altar of Sif Muna.
    43 | D        | Killed Grinder
    47 | D        | Found a bloodstained altar of Trog.
    83 | D        | Became a worshipper of Qazlal Stormbringer
    96 | D        | Entered arena 2.
    96 | D        | Noticed a quasit
    96 | D        | Found a transporter.
    98 | D        | Killed a quasit
    98 | D        | Reached XP level 2. HP: 20/20 MP: 2/4
    98 | D        | Reached XP level 3. HP: 25/25 MP: 2/5
   221 | D        | Entered arena 3.
   221 | D        | Noticed a scorpion
   221 | D        | Noticed a scorpion
   221 | D        | Noticed a scorpion
   221 | D        | Found a transporter.
   227 | D        | Killed a scorpion
   227 | D        | Reached * piety under Qazlal
   227 | D        | Reached skill level 5 in Slings
   227 | D        | Reached skill level 5 in Armour
   227 | D        | Reached skill level 5 in Shields
   227 | D        | Reached XP level 4. HP: 24/30 MP: 5/7
   227 | D        | Reached skill level 5 in Invocations
   227 | D        | Reached XP level 5. HP: 28/35 MP: 5/8
   411 | D        | Entered arena 4.
   411 | D        | Noticed a phantom
   411 | D        | Noticed a necrophage
   411 | D        | Found a transporter.
   416 | D        | Reached ** piety under Qazlal
   417 | D        | Killed a necrophage
   417 | D        | Reached XP level 6. HP: 41/41 MP: 10/10
   433 | D        | Killed a phantom
   440 | D        | Entered arena 5.
   440 | D        | Found a transporter.
   443 | D        | Reached *** piety under Qazlal
   443 | D        | Reached XP level 7. HP: 45/45 MP: 12/12
   443 | D        | Reached skill level 10 in Slings
   542 | D        | Entered arena 6.
   542 | D        | Noticed a spriggan
   542 | D        | Found a transporter.
   543 | D        | Reached **** piety under Qazlal
   546 | D        | Reached XP level 8. HP: 51/51 MP: 12/14
   550 | D        | Killed a spriggan
   550 | D        | Reached ***** piety under Qazlal
   550 | D        | Reached skill level 10 in Armour
   550 | D        | Reached skill level 10 in Shields
   555 | D        | Got the ring "Hadew" {rElec rC- Dex+4 SInv}
   563 | D        | Entered arena 7.
   569 | D        | Found a transporter.
   583 | D        | Entered arena 8.
   590 | D        | Reached skill level 10 in Invocations
   590 | D        | Reached XP level 9. HP: 54/55 MP: 16/16
   590 | D        | Reached ****** piety under Qazlal
   592 | D        | Found a transporter.
   603 | D        | Entered arena 9.
   603 | D        | Noticed a deep elf mage
   603 | D        | Noticed a flail of holy wrath
   603 | D        | Noticed a deep elf mage
   603 | D        | Noticed a deep elf knight
   603 | D        | Noticed a deep elf mage
   603 | D        | Noticed a deep elf mage
   604 | D        | Killed a deep elf mage
   610 | D        | Killed a deep elf mage
   616 | D        | Killed a deep elf knight
   616 | D        | Reached skill level 15 in Slings
   616 | D        | Reached XP level 10. HP: 60/61 MP: 6/19
   624 | D        | Killed a deep elf mage
   631 | D        | Killed a deep elf mage
   631 | D        | Killed a flail of holy wrath
   738 | D        | Killed a death ooze
   742 | D        | Killed an azure jelly
   744 | D        | Killed an acid blob
   745 | D        | Killed an azure jelly
   746 | D        | Killed an acid blob
   759 | D        | Killed an azure jelly
   774 | D        | Killed an acid blob
   777 | D        | Killed a death ooze
   787 | D        | Killed an azure jelly
   787 | D        | Killed an azure jelly
   788 | D        | Killed a death ooze
   789 | D        | Killed an azure jelly
   796 | D        | Killed the Royal Jelly
   797 | D        | Found a transporter.
   806 | D        | Got the amulet "Vaarrax" {Gourm Fragile rElec Dex+10 Stlth-}
   809 | D        | Killed a death ooze
   814 | D        | Got the +2 cloak of Negligence {MR- MP+9 Dex+2}
   819 | D        | Entered arena 10.
   819 | D        | Noticed Sigmund
   819 | D        | Noticed Jessica
   819 | D        | Noticed Blork the orc
   819 | D        | Noticed Crazy Yiuf
   819 | D        | Noticed Duvessa
   819 | D        | Noticed Edmund
   819 | D        | Noticed Erolcha
   819 | D        | Noticed Eustachio
   820 | D        | Killed Jessica
   820 | D        | Killed Blork the orc
   820 | D        | Killed Crazy Yiuf
   820 | D        | Killed Eustachio
   821 | D        | Killed Edmund
   821 | D        | Killed Duvessa
   824 | D        | Found a transporter.
   828 | D        | Killed Erolcha
   828 | D        | Reached XP level 11. HP: 61/66 MP: 1/21
   831 | D        | Killed Sigmund
   845 | D        | Killed Psyche
   894 | D        | Killed a death ooze
   917 | D        | Killed an acid blob
   953 | D        | Killed an azure jelly
  1003 | D        | Entered arena 11.
  1003 | D        | Noticed a purple ugly thing
  1003 | D        | Noticed a white ugly thing
  1003 | D        | Noticed a red ugly thing
  1003 | D        | Noticed a green ugly thing
  1004 | D        | Killed a white ugly thing
  1004 | D        | Killed a green ugly thing
  1004 | D        | Killed a purple ugly thing
  1004 | D        | Killed an unseen horror
  1004 | D        | Reached skill level 5 in Fighting
  1005 | D        | Found a transporter.
  1009 | D        | Killed a red ugly thing
  1042 | D        | Entered arena 12.
  1042 | D        | Noticed a soul eater
  1053 | D        | Killed an azure jelly
  1055 | D        | Killed a soul eater
  1061 | D        | Found a transporter.
  1074 | D        | Got the ring of Xom's Pride {Ice Int+3}
  1088 | D        | Entered arena 13.
  1088 | D        | Noticed a necromancer
  1088 | D        | Noticed a skeletal warrior
  1089 | D        | Noticed a lich
  1091 | D        | Reached skill level 15 in Armour
  1091 | D        | Killed a necromancer
  1091 | D        | Reached skill level 15 in Shields
  1091 | D        | Killed a lich
  1091 | D        | Reached skill level 15 in Invocations
  1091 | D        | Reached XP level 12. HP: 82/82 MP: 19/23
  1098 | D        | Killed a skeletal warrior
  1106 | D        | Found a transporter.
  1109 | D        | Killed an azure jelly
  1109 | D        | Killed an azure jelly
  1121 | D        | Got the amulet "Weocust" {+Rage +Fly rC++ MR+++ Int-5}
  1122 | D        | Killed Harold
  1129 | D        | Killed an azure jelly
  1151 | D        | Identified a +1 pair of boots of running (You found it in the Dungeon)
  1153 | D        | Entered arena 14.
  1166 | D        | Found a transporter.
  1201 | D        | Entered arena 15.
  1202 | D        | Noticed a blizzard demon
  1203 | D        | Noticed an ice dragon
  1204 | D        | Noticed a blizzard demon
  1204 | D        | Noticed a skeletal warrior
  1206 | D        | Killed a blizzard demon
  1207 | D        | Killed an ice dragon
  1207 | D        | Killed a blizzard demon
  1208 | D        | Killed a skeletal warrior
  1215 | D        | Found a transporter.
  1288 | D        | Killed Dowan
  1297 | D        | Entered arena 16.
  1298 | D        | Noticed a fire dragon
  1298 | D        | Noticed a fire dragon
  1298 | D        | Noticed a hell hog
  1300 | D        | Noticed a fire dragon
  1300 | D        | Noticed a fire dragon
  1300 | D        | Noticed a fire giant
  1300 | D        | Noticed a fire giant
  1300 | D        | Noticed a hell hog
  1300 | D        | Noticed a fire giant
  1302 | D        | Reached skill level 10 in Fighting
  1302 | D        | Killed a hell hog
  1302 | D        | Reached XP level 13. HP: 87/92 MP: 17/25
  1302 | D        | Killed a fire dragon
  1302 | D        | Killed a fire giant
  1302 | D        | Killed a fire giant
  1302 | D        | Killed a fire dragon
  1302 | D        | Killed a fire dragon
  1302 | D        | Killed a fire dragon
  1302 | D        | Killed a fire giant
  1303 | D        | Killed an azure jelly
  1354 | D        | Killed Erica
  1410 | D        | Killed a death ooze
  1450 | D        | Found a transporter.
  1459 | D        | Killed a death ooze
  1468 | D        | Got the ring of Haiholom {rN+ Stlth+}
  1478 | D        | Entered arena 17.
  1480 | D        | Noticed a vampire knight
  1483 | D        | Noticed a jiangshi
  1483 | D        | Killed a vampire knight
  1484 | D        | Reached XP level 14. HP: 104/104 MP: 18/27
  1486 | D        | Found a transporter.
  1536 | D        | Entered arena 18.
  1544 | D        | Noticed a reaper
  1545 | D        | Noticed a balrug
  1549 | D        | Killed a balrug
  1549 | D        | Killed a reaper
  1566 | D        | Found a transporter.
  1624 | D        | Killed an azure jelly
  1626 | D        | Entered arena 19.
  1684 | D        | Found a transporter.
  1733 | D        | Entered arena 20.
  1739 | D        | Noticed a ghoul
  1743 | D        | Noticed a ghoul
  1745 | D        | Noticed a ghoul
  1763 | D        | Killed a ghoul
  1771 | D        | Killed a ghoul
  1773 | D        | Killed a ghoul
  1882 | D        | Killed Snorg
  2127 | D        | Found a transporter.
  2211 | D        | Entered arena 21.
  2225 | D        | Noticed a balrug
  2226 | D        | Noticed a balrug
  2227 | D        | Noticed a balrug
  2229 | D        | Killed a balrug
  2229 | D        | Killed a balrug
  2229 | D        | Killed a balrug
  2230 | D        | Noticed an orb of fire
  2230 | D        | Noticed a fire giant
  2231 | D        | Noticed a balrug
  2231 | D        | Reached XP level 15. HP: 57/114 MP: 8/29
  2231 | D        | Killed a fire giant
  2231 | D        | Reached skill level 15 in Fighting
  2237 | D        | Killed a balrug
  2238 | D        | Noticed a fire giant
  2247 | D        | Gained mutation: You expend magic power (3 MP) to strengthen your wands. [an orb of fire]
  2254 | D        | Gained mutation: You are weak. (Str -2) [an orb of fire]
  2267 | D        | Killed from afar by an orb of fire

Skill      XL: |  1  2  3  4  5  6  7  8  9 10 11 12 13 14 15 |
---------------+----------------------------------------------+-----
Slings         | 4 5 6 8 9 11 12 15 16 | 16.8
Armour         | 4 5 6 7 8 9 10 12 13 15 17 18 20 21 | 21.2
Shields        | 4 5 6 7 8 9 10 12 13 15 17 18 20 21 | 21.2
Invocations    | 2 4 5 6 7 8 10 12 13 15 16 18 20 | 20.9
Fighting       | 7 10 12 14 15 | 15.4
Maces & Flails | |  1.7

Action                   |  1- 3 |  4- 6 |  7- 9 | 10-12 | 13-15 || total
-------------------------+-------+-------+-------+-------+-------++-------
Melee: Shillelagh        |     4 |    17 |    28 |    15 |       ||    64
 Fire: Fustibalus        |       |       |       |    40 |   102 ||   142
Invok: Upheaval          |       |       |     3 |     9 |     5 ||    17
       Disaster Area     |       |       |       |     6 |    10 ||    16
  Use: Potion            |       |       |       |     1 |     9 ||    10
       Scroll            |       |       |       |     1 |     1 ||     2
  Eat: Meat ration       |       |       |       |     1 |       ||     1
Armor: Plate armour      |     3 |     3 |    16 |     7 |    16 ||    45
Dodge: Dodged            |       |       |     1 |       |     3 ||     4
       Deflected         |       |       |       |       |     2 ||     2
Block: Shield            |     8 |    18 |    58 |    40 |    82 ||   206
